 Dungeon Crawl Stone Soup version 0.19-a0-1821-g42c593c (webtiles) character file.

5077 wazuzu the Zephyrmancer (level 10, -2/77 HPs)
             Began as a Black Draconian Air Elementalist on Oct 4, 2016.
             Was an Elder of Vehumet.
             Killed from afar by Nergalle (39 damage)
             ... with a bolt of negative energy
             ... on level 1 of the Lair of Beasts on Oct 6, 2016.
             The game lasted 01:04:09 (11792 turns).

wazuzu the Zephyrmancer (DrAE)                     Turns: 11792, Time: 01:04:12

Health: -2/77      AC: 10    Str: 11    XL:     10   Next: 31%
Magic:  0/20       EV: 12    Int: 18    God:    Vehumet [****..]
Gold:   262        SH:  0    Dex: 12    Spells: 8 memorised, 4 levels left

rFire  . . .     SeeInvis +     t - +0 dagger (drain)
rCold  . . .     Gourm    .     (armour unavailable)
rNeg   . . .     Faith    .     (no shield)
rPois  .         Spirit   .     H - +0 hat
rElec  +         Dismiss  .     f - +1 cloak
rCorr  .         Reflect  .     d - +0 pair of gloves
MR     +....     Harm     .     (no boots)
Stlth  +.........               (no amulet)
                                K - ring of protection from magic
                                G - ring of see invisible

@: heavily drained
A: breathe lightning, unfitting armour, electricity resistance, cold-blooded, AC
+7
a: Breathe Lightning, Renounce Religion


You were on level 1 of the Lair of Beasts.
You worshipped Vehumet.
Vehumet was greatly pleased with you.
You were not hungry.

You visited 3 branches of the dungeon, and saw 10 of its levels.
You also visited: Ossuary.

You collected 547 gold pieces.
You spent 285 gold pieces at shops.

Inventory:

Hand Weapons
 t - a +0 dagger of draining (weapon)
Armour
 d - a +0 pair of gloves (worn)
 f - a +1 cloak (worn)
 H - a +0 hat (worn)
Jewellery
 a - a +5 amulet of reflection {unknown}
 G - a ring of see invisible (left hand)
 K - a ring of protection from magic (right hand)
Wands
 i - a wand of iceblast (4/15)
 D - a wand of iceblast (14/15)
 J - a wand of iceblast (8/15)
Scrolls
 g - 2 scrolls of remove curse
 m - a scroll of enchant armour
 u - 2 scrolls of fog
 y - a scroll of magic mapping
 A - 8 scrolls of identify
 C - a scroll of torment {unknown}
 E - 3 scrolls of noise
 F - a scroll of amnesia
Potions
 c - 2 potions of berserk rage
 e - 3 potions of cure mutation
 h - 2 potions of flight
 l - 3 potions of might
 n - a potion of ambrosia
 p - 2 potions of brilliance
 q - 2 potions of curing
 r - a potion of agility {unknown}
 s - 2 potions of invisibility {unknown}
 v - 3 potions of haste {unknown}
 w - 2 potions of mutation {unknown}
 x - a potion of degeneration {unknown}
 B - 2 potions of heal wounds
Comestibles
 b - 9 bread rations
 j - 5 fruits
 k - 2 beef jerkies
 o - a slice of pizza
 z - 3 meat rations


   Skills:
 + Level 3.4(1.3) Fighting
 + Level 3.3(1.2) Dodging
 - Level 1.7(0.0) Stealth
 - Level 7.0(4.6) Spellcasting
 - Level 9.0(6.5) Conjurations
 - Level 11.1(8.5) Air Magic


You had 4 spell levels left.
You knew the following spells:

 Your Spells              Type           Power        Failure   Level  Hunger
a - Shock                 Conj/Air       ####         1%          1    None
b - Swiftness             Chrm/Air       ###.....     4%          2    #......
c - Static Discharge      Conj/Air       ####....     1%          3    ###....
d - Apportation           Tloc           #.........   14%         1    None
e - Lightning Bolt        Conj/Air       ####......   5%          5    ######.
f - Repel Missiles        Chrm/Air       ###...       4%          2    #......
g - Airstrike             Air            #####.....   1%          4    ####...
x - Flame Tongue          Conj/Fire      ###..        1%          1    None


Dungeon Overview and Level Annotations

Branches:
Dungeon (8/15)             Temple (1/1) D:4            Lair (1/6) D:8

Altars:
Ashenzari
Cheibriados
Dithmenos
Elyvilon
Fedhas
Gozag
Hepliaklqana
Kikubaaqudgha
Nemelex Xobeh
Okawaru
Qazlal
Ru
Sif Muna
Uskayaw
Vehumet
Xom
Yredelemnul
Zin
The Shining One

Shops:
D:4 }   D:6 *

Annotations:
Lair:1 Nergalle


Innate Abilities, Weirdness & Mutations

You can breathe wild blasts of lightning.
Your glossy black scales are hard. (AC +7)
You cannot fit into any form of body armour.
You are resistant to electric shocks. (rElec)
You are cold-blooded and may be slowed by cold attacks.


Message History

Nergalle is severely wounded.
The lightning arcs!
You are struck by lightning.
You resist.
The lightning arcs!
Nergalle is struck by lightning.
Nergalle is almost dead.
The lightning grounds out.
The spectral orc warrior barely misses you.
Nergalle drinks a potion.
Nergalle is healed!
Casting: Static Discharge
Confirm with . or Enter, or press ? or * to list all spells.
Nergalle is struck by lightning.
Nergalle is heavily wounded.
The lightning arcs!
You are struck by lightning.
You resist.
The lightning arcs!
Nergalle is struck by lightning.
Nergalle is severely wounded.
The lightning grounds out.
The spectral orc warrior barely misses you.
Nergalle gestures at you while chanting.
The bolt of negative energy hits you!
You feel drained.
Ouch! That really hurt!
You die...

#.................#
(.................#
#.................#
#.................##
#..................#
#.................##
.......Z..........######
.........####.##..#.#.##
.......@.# ####........
.......o..# #.......>.
.........#.# ##..####..
..................# ##..
...P.#............# #...
...####..###.###... ##..
#.% #..# ### #..###P..
#. ...# .... ##..
#...#.#..


You could see Nergalle and a spectral orc warrior.

Vanquished Creatures
  A spiny frog (D:8)
  A hippogriff (D:7)
  A spriggan (D:7)
  6 yaks
  Duvessa (D:7)
  2 porcupines
  2 sky beasts
  A black bear (D:8)
  3 orc warriors
  5 ogres
  2 centaurs
  A big kobold (D:8)
  3 bullfrogs
  2 elf zombies (Ossuary)
  A wyvern skeleton (D:8)
  4 scorpions
  Dowan (D:7)
  3 wights (D:7)
  2 howler monkeys
  2 crimson imps
  3 centaur zombies
  2 bullfrog zombies
  2 human zombies (Ossuary)
  4 orc priests
  A quasit (D:8)
  Crazy Yiuf (D:2)
  3 centaur skeletons
  2 iguanas (D:8)
  3 orc wizards
  4 worker ants
  2 killer bee zombies
  A hound zombie (D:8)
  A hound skeleton (D:5)
  2 mummies (Ossuary)
  A worker ant zombie (D:8)
  3 gnolls (D:6)
  A river rat (D:8)
  12 adders
  2 shadow imps
  4 adder zombies
  2 adder skeletons
  2 worms (D:3)
  2 dart slugs
  6 leopard geckos
  23 orcs
  18 bats
  4 giant cockroaches
  7 goblins
  9 hobgoblins
  14 jackals
  4 quokkas
  A ball python (D:2)
  5 frilled lizards
  13 hobgoblin zombies (Ossuary)
  A jackal skeleton (D:5)
  19 kobolds
  9 kobold zombies (Ossuary)
  6 orc zombies (Ossuary)
  A quokka skeleton (D:4)
  18 rats
  A rat zombie (Ossuary)
263 creatures vanquished.

Vanquished Creatures (others)
  13 fungi (D:8)
  3 plants (D:8)
16 creatures vanquished.

Grand Total: 279 creatures vanquished

Notes
Turn   | Place    | Note
-------+----------+-------------------------------------------
     0 | D:1      | wazuzu the Draconian Air Elementalist began the quest for the Orb.
     0 | D:1      | Reached XP level 1. HP: 14/14 MP: 3/3
   522 | D:1      | Reached XP level 2. HP: 18/20 MP: 0/5
  1004 | D:1      | Reached XP level 3. HP: 26/26 MP: 3/6
  1720 | D:2      | Learned a level 2 spell: Swiftness
  1724 | D:2      | Learned a level 3 spell: Static Discharge
  1874 | D:2      | Found a shimmering altar of Xom.
  2220 | D:2      | Reached XP level 4. HP: 32/33 MP: 0/7
  2658 | D:2      | Found a runed door.
  2662 | D:2      | Noticed Crazy Yiuf
  2668 | D:2      | Killed Crazy Yiuf
  3250 | D:3      | Reached XP level 5. HP: 33/38 MP: 1/8
  3251 | D:3      | Reached skill level 5 in Conjurations
  3382 | D:3      | Noticed a sky beast
  3448 | D:2      | Found a glowing golden altar of the Shining One.
  4113 | D:4      | Found an iron altar of Okawaru.
  4350 | D:4      | Found Geschisu's Gadget Shoppe.
  4376 | D:4      | Reached XP level 6. HP: 33/45 MP: 0/11
  4791 | D:4      | Found a staircase to the Ecumenical Temple.
  4801 | Temple   | Entered the Ecumenical Temple
  5058 | Temple   | Became a worshipper of Vehumet
  5490 | D:5      | Entered Level 5 of the Dungeon
  5675 | D:5      | Reached skill level 5 in Spellcasting
  5675 | D:5      | Your scales start taking on a glossy black colour.
  5675 | D:5      | Reached XP level 7. HP: 35/50 MP: 3/14
  5675 | D:5      | Gained mutation: You are resistant to electric shocks. (rElec) [Black Draconian growth]
  5700 | D:5      | Found a shattered altar of Ashenzari.
  5750 | D:5      | Reached skill level 4 in Air Magic
  5752 | D:5      | Reached skill level 5 in Air Magic
  5881 | D:5      | Reached * piety under Vehumet
  5881 | D:5      | Offered knowledge of Flame Tongue by Vehumet.
  5891 | D:5      | Found a sand-covered staircase.
  5900 | Ossuary  | Entered an ossuary
  6029 | Ossuary  | Learned a level 1 spell: Flame Tongue
  6031 | Ossuary  | Learned a level 1 spell: Apportation
  6037 | Ossuary  | Learned a level 5 spell: Lightning Bolt
  6228 | Ossuary  | Reached ** piety under Vehumet
  6228 | Ossuary  | Offered knowledge of Sandblast by Vehumet.
  6242 | Ossuary  | Reached skill level 6 in Air Magic
  6396 | Ossuary  | Reached skill level 7 in Air Magic
  6400 | Ossuary  | Reached XP level 8. HP: 45/57 MP: 5/15
  6663 | D:5      | Reached skill level 8 in Air Magic
  6846 | D:5      | Offered knowledge of Stone Arrow by Vehumet.
  6856 | D:5      | Upgraded the game from 0.19-a0-1792-g28b16ba to 0.19-a0-1815-g4007336
  6856 | D:5      | Upgraded the game from 0.19-a0-1815-g4007336 to 0.19-a0-1821-g42c593c
  7149 | D:6      | Found a sacrificial altar of Ru.
  7232 | D:6      | Reached skill level 9 in Air Magic
  7391 | D:6      | Found Povomai's Assorted Antiques.
  7408 | D:6      | Reached skill level 10 in Air Magic
  7503 | D:6      | Bought a scroll of identify for 48 gold pieces
  7503 | D:6      | Bought a sapphire potion for 21 gold pieces
  7503 | D:6      | Bought a scroll labeled FERUDD TUITIU for 24 gold pieces
  7503 | D:6      | Bought a scroll of identify for 48 gold pieces
  7503 | D:6      | Bought an ivory wand for 96 gold pieces
  7503 | D:6      | Bought 2 scrolls labeled JEMEURHOINE for 48 gold pieces
  7593 | D:6      | Found a snail-covered altar of Cheibriados.
  7815 | D:6      | Found a stormy altar of Qazlal.
  7917 | D:7      | Noticed Dowan
  7919 | D:7      | Killed Dowan
  7920 | D:7      | Noticed Duvessa
  7929 | D:7      | Killed Duvessa
  7929 | D:7      | Reached *** piety under Vehumet
  8306 | D:7      | Found a hide-covered altar of Uskayaw.
  8307 | D:7      | Noticed a hippogriff
  8315 | D:7      | Killed a hippogriff
  8315 | D:7      | Reached skill level 11 in Air Magic
  8456 | D:7      | Reached XP level 9. HP: 62/62 MP: 6/16
  9269 | D:8      | Learned a level 2 spell: Repel Missiles
  9323 | D:8      | Offered knowledge of Airstrike by Vehumet.
  9329 | D:8      | Learned a level 4 spell: Airstrike
  9545 | D:8      | Reached **** piety under Vehumet
  9559 | D:8      | Offered knowledge of Inner Flame by Vehumet.
 10442 | D:8      | Found a staircase to the Lair.
 10531 | Lair:1   | Entered Level 1 of the Lair of Beasts
 10531 | Lair:1   | Noticed a spiny frog
 10541 | D:8      | Killed a spiny frog
 10541 | D:8      | Reached XP level 10. HP: 27/69 MP: 6/20
 10902 | D:8      | Reached skill level 1 in Fighting
 11312 | Lair:1   | Noticed Nergalle
 11792 | Lair:1   | Killed from afar by Nergalle

Vault maps used:
D:1:      minmay_arrival_widening_spiral_wide, minmay_close_crescents
D:2:      nicolae_overflow_hidden_temple, tgw_xom, uniq_crazy_yiuf_cottage
D:3:      kennysheep_doodads
D:4:      lemuel_round_altar, first_bread, serial_shops, shop
D:5:      nicolae_ashenzari_panopticon, nicolae_ossuary_entry_ruins
D:6:      lemuel_doored_altar, serial_shops, nicolae_shop_statue_plus,
          basic_altar, nicolae_qazlal_eye_of_the_storm
D:7:      old_standard_altar, the_bakery, minmay_misc_feat_columns,
          grunt_decor_resistance, uniq_duvessa
D:8:      grunt_lair_entry_orc_guard_hut, eino_tiny_chamber
Temple:   minmay_temple_curvy_branch
Lair:1:   infiniplex_staircase_pool_2, uniq_nergalle
Ossuary:  ossuary_tomb_1

Skill      XL: |  1  2  3  4  5  6  7  8  9 10 |
---------------+-------------------------------+-----
Conjurations   | 2 3 4 5 9 |  9.0
Spellcasting   | 3 5 7 |  7.0
Air Magic      | 7 11 | 11.1
Dodging        | 3 |  3.3
Fighting       | 3 |  3.4
Stealth        | |  1.7

Action                   |  1- 3 |  4- 6 |  7- 9 | 10-12 || total
-------------------------+-------+-------+-------+-------++-------
Melee: Short sword       |    29 |    29 |     3 |       ||    61
       Tailslap          |     2 |     3 |     6 |     2 ||    13
       Dagger            |       |       |    62 |     7 ||    69
 Cast: Shock             |    78 |   152 |   340 |    27 ||   597
       Swiftness         |       |     1 |       |       ||     1
       Flame Tongue      |       |       |    22 |       ||    22
       Static Discharge  |       |       |    33 |    14 ||    47
       Airstrike         |       |       |     1 |       ||     1
Evoke: Wand              |       |     1 |       |       ||     1
  Use: Scroll            |     7 |     6 |     8 |     1 ||    22
       Potion            |       |     1 |     1 |     2 ||     4
  Eat: Chunk             |     5 |    12 |    11 |     1 ||    29
       Bread ration      |       |       |     1 |     1 ||     2
       Beef jerky        |       |       |     1 |       ||     1
Armor: Skin              |    12 |    30 |   105 |    23 ||   170
Dodge: Dodged            |    41 |    51 |   127 |    50 ||   269
